 Dungeon Crawl Stone Soup version 0.25-a0-598-gc9c9e4c (webtiles) character file.

Game seed: 16914929134802457536, levelgen mode: deterministic

2875 15 the Slasher (level 9, 0/66 HPs)
             Began as a Demonspawn Gladiator on Mar 15, 2020.
             Was a Priest of Okawaru.
             Killed by vampiric draining
             ... invoked by a vampire
              (7 damage)
             ... on level 7 of the Dungeon.
             The game lasted 00:22:48 (6243 turns).

15 the Slasher (Demonspawn Gladiator)               Turns: 6243, Time: 00:22:49

Health: 0/66       AC:  9    Str: 15    XL:     9   Next: 47%
Magic:  14/14      EV: 17    Int: 13    God:    Okawaru [***...]
Gold:   415        SH:  0    Dex: 14    Spells: 12/15 levels left

rFire    + . .     SeeInvis .   a - +0 long sword
rCold    . . .     Gourm    .   (no shield)
rNeg     . . .     Faith    .   G - +0 leather armour {rC+}
rPois    .         Spirit   .   (helmet restricted)
rElec    .         Reflect  .   (no cloak)
rCorr    .         Harm     .   i - +2 pair of gloves
MR       .....                  (no boots)
Stlth    +++.......             t - amulet of rage
HPRegen  0.21/turn              J - ring of fire
MPRegen  0.14/turn              (no ring)

@: heroism
A: antennae 1, molten scales 1, spiny 2
a: Heroism, Renounce Religion, Evoke Berserk Rage


You were on level 7 of the Dungeon.
You worshipped Okawaru.
Okawaru was most pleased with you.
You were hungry.

You visited 2 branches of the dungeon, and saw 8 of its levels.
You also visited: Ossuary.

You collected 415 gold pieces.

Inventory:

Hand Weapons
 a - a +0 long sword (weapon)
 x - a +0 flail
 E - a +0 spear
Missiles
 j - 232 stones
 s - 6 datura-tipped darts
 z - a throwing net (quivered)
Armour
 i - a +2 pair of gloves (worn)
 p - a +0 ring mail
 B - a +0 chain mail
 G - a +0 leather armour of cold resistance (worn)
 I - +0 steam dragon scales
Jewellery
 t - an amulet of rage (around neck)
 F - an uncursed amulet of the acrobat
 J - a ring of fire (left hand)
Wands
 o - a wand of disintegration (15)
 v - a wand of paralysis (7)
 y - a wand of digging (4)
Scrolls
 e - 2 scrolls of enchant weapon {unknown}
 g - a scroll of random uselessness {unknown}
 k - 5 scrolls of teleportation
 l - 6 scrolls of remove curse
 m - 4 scrolls of magic mapping
 q - 3 scrolls of blinking {unknown}
 r - a scroll of fear {unknown}
 u - a scroll of acquirement {unknown}
 w - 3 scrolls of enchant armour {unknown}
 A - 3 scrolls of amnesia {unknown}
Potions
 c - a potion of brilliance
 h - a potion of curing
 n - a potion of stabbing
 C - 2 potions of mutation
 D - 3 potions of flight
 H - a potion of ambrosia
Comestibles
 f - 15 rations


   Skills:
 * Level 4.4(9.4) Fighting
 * Level 6.5(11.5) Long Blades
 * Level 2.5(7.5) Maces & Flails
 + Level 2.5(7.5) Throwing
 * Level 4.0(9.0) Armour
 * Level 4.5(9.5) Dodging
 + Level 2.0(7.0) Stealth
 * Level 3.6 Spellcasting
 * Level 0.2 Hexes
 * Level 1.5 Summonings
 * Level 1.8 Necromancy
 * Level 4.6 Invocations
 * Level 3.5 Evocations


You had 12 spell levels left.
You knew the following spells:

 Your Spells              Type           Power        Failure   Level  Hunger
a - Animate Skeleton      Necr           N/A          12%         1    #......
b - Summon Small Mammal   Summ           #...         14%         1    #......
c - Corona                Hex            #......      22%         1    #......

Your spell library contained the following spells:

 Spells                   Type           Power        Failure   Level  Hunger
 Apportation              Tloc           #.....       26%         1    #......


Dungeon Overview and Level Annotations

Branches:
Dungeon (7/15)             Temple (1/1) D:4         Ossuary (visited)

Altars:
Ashenzari
Cheibriados
Dithmenos
Elyvilon
Fedhas
Hepliaklqana
Makhleb
Okawaru
Qazlal
Ru
Sif Muna
Trog
Vehumet
Wu Jian
Xom
Yredelemnul
Zin
The Shining One

Annotations:
D:2 exclusion: oklob plant
D:6 2 transporters, Trismagistus's ghost, novice DrTm


Innate Abilities, Weirdness & Mutations

You have a pair of small antennae on your head.
You are partially covered in molten scales. (AC +2)
You are mostly covered in sharp spines.


Message History

You fail to use your ability.
Something hits you. Something bites you.
Something draws strength from your injuries!
Unknown command.
You hit something but do no damage. Something hits you.
Something bites you but does no damage.
You hit something. You hit something. Something hits you. Something bites you!
* * * LOW HITPOINT WARNING * * *
Something draws strength from your injuries!
You hit something. Something hits you!
* * * LOW HITPOINT WARNING * * *
Something bites you but does no damage.
You hit something. Something completely misses you. Something bites you.
* * * LOW HITPOINT WARNING * * *
Something draws strength from your injuries!
You hit something. Something hits you but does no damage.
Something bites you but does no damage.
Unknown command.
You feel better.
Unholy energy fills the air.
You die...

#.# #.# #.# #.#
#.# #####.#.# #
#.....#.#
#.##.####.#
#....{@...#
#..[...#.######
#......#.#
##.#####.# #
..# #.# #.# ###


There were no monsters in sight!

Vanquished Creatures
  Maggie (D:7)
  Prince Ribbit (D:7)
  A hippogriff (D:7)
  A spriggan (D:7)
  Menkaure (Ossuary)
  2 orc warriors (D:6)
  A phantom (D:6)
  A sky beast (D:7)
  A centaur (D:5)
  6 ogres
  2 bullfrogs
  A gnoll sergeant (D:7)
  A scorpion (D:6)
  A howler monkey (D:5)
  2 crimson imps (D:7)
  A jelly (D:5)
  A hound (D:6)
  An orc priest (D:4)
  A gnoll shaman (D:6)
  5 orc wizards
  2 iguanas (D:6)
  5 worker ants
  2 hound skeletons
  4 mummies
  4 gnolls
  5 adders
  A shadow imp (D:6)
  3 adder zombies
  An adder skeleton (D:6)
  2 worms (D:2)
  2 dart slugs
  3 leopard geckos
  20 orcs
  6 giant cockroaches
  7 goblins
  10 hobgoblins
  9 jackals
  5 kobolds
  2 quokkas
  A ball python (D:1)
  10 bats
  2 frilled lizards
  5 gnoll skeletons (Ossuary)
  5 gnoll zombies (Ossuary)
  9 goblin skeletons (Ossuary)
  2 goblin zombies (Ossuary)
  3 hobgoblin skeletons (Ossuary)
  5 hobgoblin zombies (Ossuary)
  3 kobold skeletons (Ossuary)
  3 kobold zombies (Ossuary)
  An orc skeleton (Ossuary)
  5 orc zombies (Ossuary)
  8 rats
  2 rat skeletons (Ossuary)
  5 rat zombies (Ossuary)
194 creatures vanquished.

Vanquished Creatures (collateral kills)
  An orc wizard (D:7)
  A gnoll (D:7)
  An orc (D:7)
3 creatures vanquished.

Vanquished Creatures (others)
  A hobgoblin skeleton (Ossuary)
  A rat skeleton (Ossuary)
  3 plants (D:6)
5 creatures vanquished.

Grand Total: 202 creatures vanquished

Notes
Turn   | Place    | Note
-------+----------+-------------------------------------------
     0 | D:1      | 15 the Demonspawn Gladiator began the quest for the Orb.
     0 | D:1      | Reached XP level 1. HP: 16/16 MP: 1/1
   165 | D:1      | Gained mutation: You are partially covered in sharp spines.
                  | [demonic ancestry]
   165 | D:1      | Reached XP level 2. HP: 18/22 MP: 2/2
   171 | D:1      | Reached skill level 3 in Long Blades
   784 | D:1      | Gained mutation: You have a pair of small antennae on your
                  | head. [demonic ancestry]
   784 | D:1      | Reached XP level 3. HP: 23/28 MP: 3/3
  1223 | D:2      | Reached XP level 4. HP: 34/34 MP: 4/4
  1227 | D:2      | Found a shadowy altar of Dithmenos.
  1373 | D:2      | Found a blossoming altar of Fedhas.
  1387 | D:2      | Noticed an oklob plant
  1786 | D:3      | Found a radiant altar of Vehumet.
  2188 | D:3      | Found a shimmering blue altar of Sif Muna.
  2190 | D:3      | Found an ornate altar of the Wu Jian Council.
  2193 | D:3      | Found a stormy altar of Qazlal.
  2382 | D:4      | Noticed an ogre
  2387 | D:4      | Killed an ogre
  2387 | D:4      | Reached skill level 1 in Armour
  2387 | D:4      | Reached XP level 5. HP: 34/39 MP: 4/6
  2488 | D:4      | Noticed an ogre
  2494 | D:4      | Killed an ogre
  2494 | D:4      | Reached skill level 4 in Long Blades
  2494 | D:4      | Reached skill level 1 in Spellcasting
  2494 | D:4      | Reached skill level 1 in Evocations
  2627 | D:4      | Noticed an ogre
  2632 | D:4      | Killed an ogre
  2632 | D:4      | Reached XP level 6. HP: 46/46 MP: 7/7
  3133 | D:4      | Found a staircase to the Ecumenical Temple.
  3225 | Temple   | Entered the Ecumenical Temple
  3309 | Temple   | Became a worshipper of Warmaster Okawaru
  3530 | D:5      | Entered Level 5 of the Dungeon
  3600 | D:5      | Found a sand-covered staircase.
  3606 | Ossuary  | Entered an ossuary
  3860 | Ossuary  | Reached XP level 7. HP: 52/52 MP: 9/9
  3888 | Ossuary  | Noticed Menkaure
  3913 | Ossuary  | Killed Menkaure
  3913 | Ossuary  | Reached skill level 1 in Invocations
  4222 | D:5      | Found a shattered altar of Ashenzari.
  4242 | D:5      | Found a snail-covered altar of Cheibriados.
  4281 | D:5      | Reached skill level 5 in Long Blades
  4312 | D:5      | Reached * piety under Okawaru
  4410 | D:5      | Reached skill level 1 in Maces & Flails
  4665 | D:5      | Gained mutation: You are mostly covered in sharp spines.
                  | [demonic ancestry]
  4665 | D:5      | Reached XP level 8. HP: 36/58 MP: 11/11
  4766 | D:6      | Reached skill level 1 in Stealth
  5166 | D:6      | Reached ** piety under Okawaru
  5166 | D:6      | Reached skill level 6 in Long Blades
  5195 | D:6      | Learned a level 1 spell: Animate Skeleton
  5197 | D:6      | Learned a level 1 spell: Summon Small Mammal
  5221 | D:6      | Found a transporter.
  5242 | D:6      | Noticed Trismagistus's ghost (novice DrTm)
  5294 | D:6      | Found a transporter.
  5295 | D:6      | Identified the ring "Owez" {Int+2 Dex+6 Stlth-}
  5644 | D:7      | Noticed Maggie
  5655 | D:7      | Noticed a hippogriff
  5655 | D:7      | Gained mutation: You are partially covered in molten
                  | scales. (AC +2) [demonic ancestry]
  5655 | D:7      | Reached XP level 9. HP: 33/65 MP: 13/13
  5696 | D:7      | Noticed Prince Ribbit
  5708 | D:7      | Killed Maggie
  5708 | D:7      | Reached skill level 1 in Summonings
  5708 | D:7      | Reached skill level 1 in Necromancy
  5717 | D:7      | Killed Prince Ribbit
  5721 | D:7      | Reached *** piety under Okawaru
  5784 | D:7      | Learned a level 1 spell: Corona
  6241 | D:7      | HP: 1/66 [something (4)]
  6243 | D:7      | Killed from afar by a vampire

Levels and vault maps discovered:
D:1:      dpeg_arrival_arbitrary_a, layout_basic
D:2:      minmay_general_purpose_star, layout_rooms, tgw_fedhas,
          nicolae_overflow_crystal_walls, first_ration
D:3:      layout_basic, minmay_overflow_temple_star_quad, vehumet_crystals
D:4:      layout_basic, temple_hall, minmay_goblin_outpost
D:5:      layout_gridville, ashenzari_altar_1, slow_altar_1,
          nicolae_ossuary_entry_false_entrances
D:6:      layout_cave_pools, gammafunk_ghost_gnarly_gnolls,
          kennysheep_windowed_goal
D:7:      layout_basic, the_bakery, uniq_prince_ribbit1, uniq_menkaure,
          uniq_maggie
Temple:   compressed_dpeg_circular_temple

Skill      XL: |  1  2  3  4  5  6  7  8  9 |
---------------+----------------------------+-----
Throwing       | 2 |  2.5
Long Blades    | 3 4 5 6 |  6.5
Dodging        | 3 4 |  4.5
Armour         | 1 2 3 4 |  4.0
Spellcasting   | 1 2 3 |  3.6
Evocations     | 1 2 3 |  3.5
Fighting       | 3 4 |  4.4
Invocations    | 2 4 |  4.6
Maces & Flails | 1 2 |  2.5
Stealth        | 1 2 |  2.0
Summonings     | 1 |  1.5
Necromancy     | 1 |  1.8
Hexes          | |  0.2

Action                   |  1- 3 |  4- 6 |  7- 9 || total
-------------------------+-------+-------+-------++-------
Melee: Long sword        |    73 |   156 |   238 ||   467
       Punch             |       |       |     4 ||     4
Throw: Throwing net      |       |     3 |       ||     3
 Cast: Summon Small Mamm |       |       |     1 ||     1
       Animate Skeleton  |       |       |    11 ||    11
Invok: Heroism           |       |       |     6 ||     6
 Abil: Evoke Berserk Rag |       |     2 |     2 ||     4
Evoke: Wand              |       |       |     8 ||     8
  Use: Scroll            |     2 |     5 |     7 ||    14
       Potion            |       |     2 |     6 ||     8
 Stab: Sleeping          |     1 |     1 |     1 ||     3
       Held in net/web   |       |     1 |       ||     1
       Paralysed         |       |       |     8 ||     8
       Distracted        |       |       |     1 ||     1
  Eat: Chunk             |     1 |    10 |     6 ||    17
       Ration            |       |       |     1 ||     1
Armor: Leather armour    |    25 |     3 |    30 ||    58
       Ring mail         |       |    46 |    43 ||    89
Dodge: Dodged            |    54 |    76 |   141 ||   271
       Rpst.: Long sword |    23 |    26 |    40 ||    89

Table legend:
 A = Non-vault XP
 B = Vault XP
 C = Vault XP percentage of total XP
 D = Non-vault monster count
 E = Vault monster count
 F = Vault count percentage of total count
                 A         B        C        D         E       F
            +---------+---------+-------+---------+---------+-------
      Total |    2964 |    1144 |  27.8 |     129 |      66 |  33.8
            +---------+---------+-------+---------+---------+-------
        D:1 |      42 |       0 |   0.0 |      26 |       0 |   0.0
        D:2 |      58 |       3 |   4.9 |      16 |       2 |  11.1
        D:3 |      11 |       0 |   0.0 |       5 |       0 |   0.0
        D:4 |     471 |      18 |   3.7 |      17 |       9 |  34.6
        D:5 |     551 |      18 |   3.2 |      18 |       1 |   5.3
        D:6 |     992 |      76 |   7.1 |      29 |       1 |   3.3
        D:7 |     839 |     775 |  48.0 |      18 |       3 |  14.3
    Ossuary |       0 |     254 | 100.0 |       0 |      50 | 100.0
            +---------+---------+-------+---------+---------+-------
